 Dungeon Crawl Stone Soup version 0.31.0-9-g3a7656b989 (webtiles) character file.

Game seed: 5717572083181732671

28 qw the Shooter (level 3, 0/18 HPs)
             Began as a Spriggan Hunter on Feb 2, 2024.
             Succumbed to their own poison gas
             ... on level 1 of the Dungeon.
             The game lasted 00:00:02 (799 turns).

qw the Shooter (Spriggan Hunter)                     Turns: 799, Time: 00:00:02

Health: 0/18       AC:  2    Str:  7    XL:     3   Next: 0%
Magic:  4/4        EV: 19    Int: 10    God:
Gold:   54         SH:  0    Dex: 20    Spells: 2/2 levels left

rFire   . . .        a - +0 shortbow
rCold   . . .        (shield currently unavailable)
rNeg    . . .        c - +0 robe
rPois   .            (helmet restricted)
rElec   .            (no cloak)
rCorr   .            (gloves unavailable)
SInv    +            (boots unavailable)
Will    .....        (no amulet)
Stlth   ++           (no ring)
HPRegen 0.23/turn    (no ring)
MPRegen 0.09/turn

%: no passive effects
@: lethally poisoned (0 -> -4), very quick
A: very small, no large weapons, unfitting armour, see invisible, speed 3
a: no special abilities


You were on level 1 of the Dungeon.
You visited 1 branch of the dungeon, and saw 1 of its levels.

You collected 54 gold pieces.


Innate Abilities, Weirdness & Mutations

You are very small and have problems with some larger weapons.
You are too small for most types of armour.
You have supernaturally acute eyesight. (SInv)
You cover ground extremely quickly. (Speed+++)


   Skills:
 - Level 1.5 Fighting
 + Level 4.4 Ranged Weapons
 - Level 4.0 Dodging
 - Level 1.5 Stealth


You had 2 spell levels left.
You didn't know any spells.
Your spell library was empty.

Inventory:

Hand Weapons
 a - a +0 shortbow (weapon)
Armour
 c - a +0 robe (worn)
Jewellery
 d - a ring of ice
Potions
 e - a potion of attraction {unknown}

Dungeon Overview and Level Annotations

Branches:
Dungeon (1/15)

Altars:

Shops:
D:1 *


Message History

789 ||| READING scroll labelled KITUOH HUS YSI.
As you read the scroll labelled KITUOH HUS YSI, it crumbles to dust.
Wisps of shadow whirl around you...
It was a scroll of summoning.
Done exploring.
790 ||| READING scroll labelled GONIPS ARYQ.
The air fills with toxic fumes!
As you read the scroll labelled GONIPS ARYQ, it crumbles to dust.
It was a scroll of poison.
Done exploring.
791 ||| DROPPING scroll of butterflies.
You drop a scroll of butterflies.
Done exploring.
What level of the Dungeon? (default 1, ? - help) Sorry, I don't know how to get there.
Enter note:
Enter note:
Enter note:
Enter note:
Enter note:
Enter note: You are engulfed in poison gas.
You are lethally poisoned!
You feel very sick.
793 ||| Stepping ~*~*~tactically~*~*~ (cloud).
You swap places.
You feel sick.
Your goblin is engulfed in poison gas.
Your goblin is poisoned.
You kill your goblin!
Your goblin's corpse dissolves into shadows!
There is a lethal amount of poison in your body!
You feel very sick.
There is a lethal amount of poison in your body!
You feel sick.
There is a lethal amount of poison in your body!
You feel sick.
There is a lethal amount of poison in your body!
You feel sick.
There is a lethal amount of poison in your body!
You feel sick.
There is a lethal amount of poison in your body!
You die...

#### ##.# ##.#######. ...#
#..# #.......... ##.# #.##
#..##..#### ##.## #.# #..###.#
#.#.## ### ###### #.#
.###.######## #7####7P777#7#.#
## ##.......# 7PPPPP#0¤0PP##.#
.###.######.#7#¤P#¤P¤000.PP#.#
#.#.## #.#PP#@0#000¤0..P#.#
...########.#7Pgg¤#¤¤¤¤¤)))..#
.#..........#7P0.¤#00¤¤0..P###
.#.#######..##7PPPP#¤¤00.PP#
.#.##### #..# 77#PPPP¤0¤#P7#
......%# #..#


777P777P777 .#.###%###..######### ### .#.# #..[.........#####.# .#.#
#####..............# You could see 2 friendly hobgoblins.

Vanquished Creatures
  A bat (D:1)
  2 endoplasms (D:1)
  A goblin (D:1)
  2 hobgoblins (D:1)
  3 jackals (D:1)
  3 quokkas (D:1)
  2 ball pythons (D:1)
  9 kobolds (D:1)
  5 rats (D:1)
28 creatures vanquished.

Notes
Turn   | Place    | Note
-------+----------+-------------------------------------------
     0 | D:1      | qw the Spriggan Hunter began the quest for the Orb.
     0 | D:1      | Reached XP level 1. HP: 10/10 MP: 2/2
     0 | D:1      | 0 ||| qw: Version: 0.3-a-155-g5e7d8dd
     0 | D:1      | 0 ||| qw: Game counter: 408
     0 | D:1      | 0 ||| qw: Melee chars always use a shield: true
     0 | D:1      | 0 ||| qw: God list: Okawaru
     0 | D:1      | 0 ||| qw: Allow faded altars: false
     0 | D:1      | 0 ||| qw: Do Orc after clearing Dungeon:15 true
     0 | D:1      | 0 ||| qw: Do second Lair branch before Depths: true
     0 | D:1      | 0 ||| qw: Lair rune preference: random
     0 | D:1      | 0 ||| qw: Goals: Normal
     0 | D:1      | 0 ||| PLANNING D:1-11
    33 | D:1      | Reached skill level 3 in Dodging
   118 | D:1      | Found Fuclino Loy's General Store.
   127 | D:1      | 127 ||| SHOPLISTING potion of heal wounds (50 gold, have
                  | 0).
   127 | D:1      | 127 ||| SHOPLISTING scroll of identify (20 gold, have 0).
   127 | D:1      | 127 ||| SHOPLISTING scroll of teleportation (30 gold, have
                  | 0).
   172 | D:1      | Reached XP level 2. HP: 14/14 MP: 3/3
   547 | D:1      | 547 ||| RETREEEEATING.
   569 | D:1      | Reached XP level 3. HP: 18/18 MP: 4/4
   789 | D:1      | 789 ||| READING scroll labelled KITUOH HUS YSI.
   790 | D:1      | 790 ||| READING scroll labelled GONIPS ARYQ.
   791 | D:1      | 791 ||| DROPPING scroll of butterflies.
   793 | D:1      | 793 ||| Stepping ~*~*~tactically~*~*~ (cloud).
   796 | D:1      | HP: 3/18 [poisoned by you (poison gas)]
   797 | D:1      | HP: 1/18 [poisoned by you (poison gas)]
   799 | D:1      | Succumbed to their own poison gas

Levels and vault maps discovered:
D:1:      roderic_dead_forest, layout_loops_ring, serial_shops,
          nicolae_shop_trees, lexackson_kobold_supper

Skill      XL: |  1  2 |
---------------+-------+-----
Dodging        | 3 4 |  4.0
Fighting       | |  1.5
Ranged Weapons | |  4.4
Stealth        | |  1.5

Action                     || total
---------------------------++-------
   Fire: Shortbow          ||    56
    Use: Scroll            ||     2
 Armour: Robe              ||     3
  Dodge: Dodged            ||    24

Table legend:
 A = Non-vault XP
 B = Vault XP
 C = Vault XP percentage of total XP
 D = Non-vault monster count
 E = Vault monster count
 F = Vault count percentage of total count
                 A         B        C        D         E       F
            +---------+---------+-------+---------+---------+-------
      Total |      33 |       8 |  19.5 |      20 |       8 |  28.6
            +---------+---------+-------+---------+---------+-------
        D:1 |      33 |       8 |  19.5 |      20 |       8 |  28.6
            +---------+---------+-------+---------+---------+-------
